 Dungeon Crawl Stone Soup version 0.18.1-50-g88ac8fd (webtiles) character file.

15951 nikopol the Cleaver (level 12, -3/106 HPs)
             Began as a Hill Orc Berserker on Oct 22, 2016.
             Was a High Priest of Trog.
             Slain by an elephant (13 damage)
             ... on level 3 of the Lair of Beasts.
             The game lasted 00:34:20 (14369 turns).

nikopol the Cleaver (Hill Orc Berserker)           Turns: 14369, Time: 00:34:21

Health: -3/106     AC: 17    Str: 23    XL:     12   Next: 32%
Magic:  12/12      EV: 14    Int:  7    God:    Trog [*****.]
Gold:   756        SH:  0    Dex: 12    Spells: 0 memorised, 11 levels left

rFire  . . .     SeeInvis +     a - +0 war axe
rCold  . . .     Gourm    .     h - +0 ring mail
rNeg   . . .     Faith    .     (no shield)
rPois  .         Spirit   .     l - +2 helmet
rElec  .         Dismiss  .     y - +2 cloak {MR+}
rCorr  .         Reflect  .     e - +1 pair of gloves
SustAt +         Harm     .     E - +0 pair of boots
MR     +....                    (no amulet)
Stlth  +.........               A - ring of sustain attributes
                                P - ring of see invisible

@: somewhat resistant to hostile enchantments, very unstealthy
A: no striking features
a: Berserk, Trog's Hand, Brothers in Arms, Burn Spellbooks, Renounce Religion


You were on level 3 of the Lair of Beasts.
You worshipped Trog.
Trog was extremely pleased with you.
You were not hungry.

You visited 2 branches of the dungeon, and saw 11 of its levels.

You collected 756 gold pieces.

Inventory:

Hand Weapons
 a - a +0 war axe (weapon)
 z - a +0 shortbow
Missiles
 m - 90 arrows (quivered)
Armour
 e - a +1 pair of gloves (worn)
 h - a +0 ring mail (worn)
 l - a +2 helmet (worn)
 y - a +2 cloak of magic resistance (worn)
 E - a +0 pair of boots (worn)
Jewellery
 i - an uncursed ring of flight
 A - a ring of sustain attributes (right hand)
 P - a ring of see invisible (left hand)
Wands
 b - a wand of paralysis (14/24)
 u - a wand of lightning (9/15)
 L - a wand of random effects (29/48)
 N - a wand of digging (11/24)
Scrolls
 d - 3 scrolls of enchant armour
 j - a scroll of amnesia {unknown}
 p - 4 scrolls of recharging
 q - a scroll of enchant weapon {unknown}
 r - 3 scrolls of remove curse
 s - 6 scrolls of teleportation {unknown}
 x - 6 scrolls of identify
 B - 3 scrolls of random uselessness {unknown}
 D - a scroll of fear {unknown}
 I - 3 scrolls of magic mapping {unknown}
 K - a scroll of blinking {unknown}
 Q - a scroll of holy word {unknown}
 R - a scroll of torment {unknown}
Potions
 g - 4 potions of flight
 k - 3 potions of heal wounds {unknown}
 o - 2 potions of haste
 t - 7 potions of curing
 v - a potion of magic {unknown}
 w - 2 potions of agility
 C - 5 potions of invisibility {unknown}
 F - 2 potions of degeneration {unknown}
 G - a potion of ambrosia {unknown}
 H - a potion of brilliance {unknown}
 M - a potion of berserk rage {unknown}
Comestibles
 c - 14 bread rations
 f - 2 slices of pizza
 n - 8 fruits
 J - a meat ration
 O - 7 chunks of flesh


   Skills:
 + Level 10.2 Fighting
 * Level 13.6 Axes
 * Level 8.7 Bows
 + Level 9.1 Armour
 + Level 7.0 Dodging


You had 11 spell levels left.
You didn't know any spells.

Dungeon Overview and Level Annotations

Branches:
Dungeon (8/15)             Temple (0/1) D:4            Lair (3/8) D:8
  Swamp: Lair:3-6    Shoals: Lair:3-6     Snake: Lair:3-6    Spider: Lair:3-6

Altars:
Cheibriados
Dithmenos
Elyvilon
Makhleb
Pakellas
Ru
Sif Muna
Xom
Yredelemnul
Zin
The Shining One

Shops:
D:5 }


Message History

You hold your ground!
The elephant barely misses you.
You are too injured to fight recklessly!
You are too injured to fight recklessly!
You are too injured to fight recklessly!
You slash the elephant!
The elephant is moderately wounded.
The elephant tramples you but does no damage.
The elephant trunk-slaps you but does no damage.
You barely miss the elephant.
The elephant is moderately wounded.
The elephant tramples you!
* * * LOW HITPOINT WARNING * * *
You hold your ground!
The elephant trunk-slaps you but does no damage.
You hit the elephant but do no damage.
The elephant is moderately wounded.
You slash the elephant!
The elephant is moderately wounded.
The elephant tramples you!
You die...

.. ## ### ### ..##
#.#########.###.#
...P#####.#..#.#....#P.P
.......@....÷...........
..PP..†Y†.#.####...[..#.
.........†#+.#..........
..P......##....#........
.<........#...##......##
..P......##...##......##
..........+....#.......#
.........#.#####......##
##.#........# ....+


You could see an elephant.

Vanquished Creatures
  A hydra (Lair:3)
  4 elephants (Lair:3)
  A black mamba (Lair:2)
  Maurice (D:8)
  6 spiny frogs
  4 komodo dragons
  2 rime drakes
  6 blink frogs
  Sigmund (D:3)
  A spriggan (D:7)
  15 yaks
  A basilisk (Lair:2)
  A hungry ghost (D:8)
  A hippogriff (Lair:1)
  Menkaure (D:7)
  3 wargs (D:8)
  Edmund (D:6)
  6 porcupines
  7 water moccasins
  An ice beast (D:8)
  3 orc warriors
  3 phantoms
  A sky beast (D:6)
  A wasp (D:8)
  4 ogres
  4 centaurs
  7 crocodiles
  4 giant frogs
  A wyvern skeleton (D:7)
  A scorpion (D:8)
  3 electric eels (Lair:2)
  5 howler monkeys
  A jelly (D:6)
  5 crimson imps
  6 orc priests
  3 giant frog skeletons
  3 hounds
  5 iguanas
  7 orc wizards
  5 worker ants
  A killer bee zombie (D:6)
  2 worker ant zombies
  A gnoll (D:1)
  22 river rats
  6 adders
  An adder zombie (D:7)
  An adder skeleton (D:3)
  2 worms
  A dart slug (D:2)
  7 giant geckos
  30 orcs
  A ball python (D:3)
  7 giant cockroaches
  5 goblins
  6 hobgoblins
  18 jackals
  5 quokkas
  8 bats
  2 giant newts
  6 kobolds
  2 quokka skeletons
  4 rats (D:2)
  A spectral orc (D:6)
  A plant (Lair:3)
276 creatures vanquished.

Vanquished Creatures (collateral kills)
  An orc wizard (D:7)
1 creature vanquished.

Vanquished Creatures (others)
  2 fungi (Lair:2)
2 creatures vanquished.

Grand Total: 279 creatures vanquished

Notes
Turn   | Place    | Note
--------------------------------------------------------------
     0 | D:1      | nikopol the Hill Orc Berserker began the quest for the Orb.
     0 | D:1      | Reached XP level 1. HP: 19/19 MP: 1/1
   466 | D:1      | Reached XP level 2. HP: 21/27 MP: 2/2
  1121 | D:1      | Reached XP level 3. HP: 22/33 MP: 3/3
  1786 | D:2      | Found a sacrificial altar of Ru.
  1790 | D:2      | Reached ** piety under Trog
  1812 | D:2      | Found a snail-covered altar of Cheibriados.
  1988 | D:2      | Reached XP level 4. HP: 30/40 MP: 4/4
  2563 | D:3      | Noticed Sigmund
  2569 | D:3      | Killed Sigmund
  2569 | D:3      | Reached skill level 5 in Fighting
  2569 | D:3      | Reached skill level 5 in Axes
  2569 | D:3      | Reached XP level 5. HP: 48/48 MP: 5/5
  2683 | D:3      | Reached XP level 6. HP: 41/56 MP: 6/6
  2808 | D:3      | Found a deep blue altar of Sif Muna.
  2993 | D:3      | Reached *** piety under Trog
  3036 | D:3      | Noticed a phantom
  3111 | D:3      | Killed a phantom
  3111 | D:3      | Reached skill level 6 in Axes
  3255 | D:3      | Found a shadowy altar of Dithmenos.
  3574 | D:4      | Reached XP level 7. HP: 51/62 MP: 7/7
  3815 | D:4      | Found a staircase to the Ecumenical Temple.
  4100 | D:4      | Found a glowing silver altar of Zin.
  4102 | D:4      | Found a glowing golden altar of the Shining One.
  4104 | D:4      | Found a white marble altar of Elyvilon.
  4133 | D:5      | Entered Level 5 of the Dungeon
  4534 | D:5      | Found an oddly glowing altar of Pakellas.
  4534 | D:5      | Found Pakellas's Prime Provisions.
  5232 | D:6      | Noticed Edmund
  5242 | D:6      | Killed Edmund
  5242 | D:6      | Reached skill level 7 in Axes
  5242 | D:6      | Reached skill level 5 in Armour
  5242 | D:6      | Reached XP level 8. HP: 71/71 MP: 8/8
  5299 | D:6      | Reached skill level 1 in Bows
  5718 | D:6      | Found a basalt altar of Yredelemnul.
  6337 | D:6      | Reached skill level 8 in Axes
  6576 | D:6      | Found a burning altar of Makhleb.
  6598 | D:6      | Found a shimmering altar of Xom.
  6867 | D:7      | Reached **** piety under Trog
  6867 | D:7      | Reached XP level 9. HP: 69/79 MP: 9/9
  6906 | D:7      | Reached skill level 9 in Axes
  6967 | D:7      | Noticed Menkaure
  7306 | D:7      | Killed Menkaure
  7986 | D:8      | Reached skill level 5 in Dodging
  7997 | D:8      | Reached skill level 10 in Axes
  8004 | D:7      | HP: 3/80 [something (2)]
  8006 | D:7      | HP: 1/80 [something (1)]
  8337 | D:8      | Found a staircase to the Lair.
  8363 | D:8      | Reached skill level 5 in Bows
  8377 | D:8      | Paralysed by a wasp for 2 turns
  8381 | D:8      | Reached XP level 10. HP: 60/88 MP: 10/10
  8757 | D:8      | Noticed Maurice
  8773 | D:8      | Killed Maurice
  9245 | Lair:1   | Entered Level 1 of the Lair of Beasts
  9454 | Lair:1   | Reached skill level 11 in Axes
  9591 | Lair:1   | Noticed a spiny frog
  9608 | Lair:1   | Killed a spiny frog
  9732 | Lair:1   | Reached ***** piety under Trog
 10089 | Lair:1   | Noticed a spiny frog
 10104 | Lair:1   | Killed a spiny frog
 10104 | Lair:1   | Reached XP level 11. HP: 81/97 MP: 11/11
 10497 | Lair:1   | Reached skill level 12 in Axes
 12977 | Lair:2   | Received a gift from Trog
 13095 | Lair:2   | Reached skill level 13 in Axes
 13317 | Lair:2   | HP: 4/99 [poisoned by a spiny frog]
 13324 | Lair:2   | HP: 4/99 [poisoned by a spiny frog]
 13715 | Lair:3   | Noticed a four-headed hydra
 13733 | Lair:3   | Killed a 16-headed hydra
 13733 | Lair:3   | Reached XP level 12. HP: 62/106 MP: 12/12
 13992 | Lair:2   | Reached skill level 10 in Fighting
 14369 | Lair:3   | Slain by an elephant

Skill      XL: |  1  2  3  4  5  6  7  8  9 10 11 12 |
---------------+-------------------------------------+-----
Fighting       | 4 5 6 7 9 10 | 10.2
Dodging        | 2 3 4 5 6 7 |  7.0
Axes           | 5 6 7 8 10 11 13 | 13.6
Armour         | 3 4 5 6 7 8 9 |  9.1
Bows           | 3 5 6 8 |  8.7

Action                   |  1- 3 |  4- 6 |  7- 9 | 10-12 || total
-------------------------+-------+-------+-------+-------++-------
Melee: Hand axe          |   130 |    79 |       |       ||   209
       War axe           |       |    40 |   322 |   426 ||   788
 Fire: Shortbow          |       |       |    56 |   278 ||   334
Invok: Berserk           |       |     1 |     7 |     6 ||    14
       Trog's Hand       |       |     1 |     3 |     1 ||     5
       Burn Spellbooks   |       |       |     1 |     1 ||     2
       Brothers in Arms  |       |       |     1 |       ||     1
  Use: Scroll            |       |       |     8 |       ||     8
  Eat: Chunk             |     3 |     5 |    16 |    34 ||    58
       Beef jerky        |       |     1 |       |       ||     1
       Fruit             |       |       |     2 |       ||     2
       Meat ration       |       |       |     1 |     1 ||     2
       Pizza             |       |       |       |     2 ||     2
Armor: Animal skin       |     9 |       |       |       ||     9
       Ring mail         |    43 |    37 |   200 |   237 ||   517
Dodge: Dodged            |    64 |    42 |   252 |   301 ||   659
